 Dungeon Crawl Stone Soup version 0.26-a0-1147-g3780a7a11b (webtiles) character file.

Game seed: 11023756992150649033

13 melloss the Firebug (level 2, -6/16 HPs)
             Began as a Deep Elf Fire Elementalist on Dec 22, 2020.
             Mangled by a kobold
             ... wielding a +1 whip of electrocution
              (19 damage)
             ... on level 1 of the Dungeon.
             The game lasted 00:02:12 (465 turns).

melloss the Firebug (Deep Elf Fire Elementalist)     Turns: 465, Time: 00:02:14

Health: -6/16      AC:  3    Str:  5    XL:     2   Next: 24%
Magic:  3/8        EV: 13    Int: 19    God:
Gold:   10         SH:  0    Dex: 15    Spells: 6/7 levels left

rFire    . . .     SeeInvis .   b - +0 dagger
rCold    . . .     Faith    .   (no shield)
rNeg     . . .     Spirit   .   a - +0 robe
rPois    .         Reflect  .   (no helmet)
rElec    .         Harm     .   c - +0 cloak
rCorr    .         Rampage  .   (no gloves)
Will     .....                  (no boots)
Stlth    ++........             (no amulet)
HPRegen  0.05/turn              (no ring)
MPRegen  0.11/turn              (no ring)

@: very slightly contaminated
A: no striking features
a: no special abilities


You were on level 1 of the Dungeon.
You visited 1 branch of the dungeon, and saw 1 of its levels.

You collected 10 gold pieces.

Inventory:

Hand Weapons
 b - a +0 dagger (weapon)
Armour
 a - a +0 robe (worn)
 c - a +0 cloak (worn)


   Skills:
 + Level 0.4 Fighting
 - Level 2.4 Dodging
 - Level 2.4 Stealth
 + Level 3.2 Spellcasting
 * Level 1.8 Conjurations
 + Level 3.4 Fire Magic


You had 6 spell levels left.
You knew the following spells:

 Your Spells              Type           Power        Failure   Level
a - Foxfire               Conj/Fire      52%          4%          1

Your spell library contained the following spells:

 Spells                   Type           Power        Failure   Level
 Conjure Flame            Conj/Fire      13%          16%         3
 Inner Flame              Hex/Fire       9%           22%         3
 Sticky Flame             Conj/Fire      13%          45%         4
 Fireball                 Conj/Fire      6%           80%         5


Dungeon Overview and Level Annotations

Branches:
Dungeon (1/15)

Altars:


Message History

The goblin is almost dead.
The foxfire hits the goblin.
You kill the goblin!
You see here a +0 dagger.
You now have 10 gold pieces.
You see here a whip.
A kobold comes into view.
It is wielding a +1 whip of electrocution.
The kobold shouts!
Casting: Foxfire (safe; 4% risk of failure)
Press: ? - help, Q - select action Dir - look around, f - activate You miscast Foxfire.
You are very lightly contaminated with residual magic.
Nothing appears to happen.
Casting: Foxfire (safe; 4% risk of failure)
Press: ? - help, Q - select action Dir - look around, f - activate You conjure some foxfire!
The kobold hits you with a +1 whip of electrocution.
You are electrocuted!!
Ouch! That really hurt!
You die...

#.#...>.....
#.#.##.##### ##....#.#
#...).#.# ####
#.....#.# #....
#.....#.#
#....######..†..#.#
#....Kv.......†.#.####
#.....@).......)#....##
#....v.................
#......................
#......................
#......................
#......................
####...................
#...###########.....
.....


You could see a kobold.

Vanquished Creatures
  A giant cockroach (D:1)
  3 goblins (D:1)
  2 hobgoblins (D:1)
  A bat (D:1)
  3 frilled lizards (D:1)
  A kobold (D:1)
  2 rats (D:1)
13 creatures vanquished.

Vanquished Creatures (others)
  24 foxfires (D:1)
24 creatures vanquished.

Grand Total: 37 creatures vanquished

Notes
Turn   | Place    | Note
-------+----------+-------------------------------------------
     0 | D:1      | melloss the Deep Elf Fire Elementalist began the quest for
                  | the Orb.
     0 | D:1      | Reached XP level 1. HP: 10/10 MP: 6/6
   436 | D:1      | Reached XP level 2. HP: 16/16 MP: 5/8
   465 | D:1      | Mangled by a kobold

Illustrated notes

Levels and vault maps discovered:
D:1:      co_arrival_random_square_maze, layout_basic

Action                   || total
-------------------------++-------
Melee: Dagger            ||     1
 Cast: Foxfire           ||    15
 Stab: Sleeping          ||     1
Dodge: Dodged            ||     4

Table legend: (Time is in decaauts)
 A = Elapsed time spent in this place.
 B = Non-inter-level travel time spent in this place.
 C = Inter-level travel time spent in this place.
 D = Time resting spent in this place.
 E = Time spent auto-exploring this place.
 F = Levels seen in this place.
 G = Mean time per level.
                   A        B        C        D        E       F      G
               +--------+--------+--------+--------+--------+-----+--------+
         Total |    464 |    464 |      0 |      0 |    327 |   1 |  464.0 |
       Dungeon |    464 |    464 |      0 |      0 |    327 |   1 |  464.0 |
               +--------+--------+--------+--------+--------+-----+--------+

Top non-repeatable levels by time:
     D:1: 464 daAuts
